cohdb
Replays
Latest Replays
All Replays
Popular Replays
Top Player Replays
Match Explorer
How It Works
Community
CoH3 Stats
Reddit
Sign in to upload your games and track your stats! →
Sign in with Steam
Match 45801962
Unlisted
Match 45801962
Overview
Messages
Build Orders
End
Kettenkrad Recon Vehicle
Construct Infanterie Kompanie
Selects Terror Battlegroup
Selects Machine Gun Camouflage
MG 42 Machine Gun Team
Grenadier Squad
Construct Panzergrenadier Kompanie
Panzergrenadier Squad
251 Medium Carrier
251 Medium Carrier
Pak 40 Anti-tank Gun Team
Panzergrenadier Officer Quarters
Support Elements
Nebelwerfer 42 Rocket Launcher Team
Medical Station
小方2333
BrianZ
旧时光
gskogowk
UMirinBrah?
Dark Angels
Tirant
新年辞旧喜洋洋
0
0
Comments
sign in to comment!
No comments posted yet!